AoeStats
← Kaiser Ze

Hideout

509049685Analyzed
1v1 RM · 7d ago on Sep 25, 2026· 25m 26s· 2 players
Game mode
Random Map
Map size
Tiny (2 player)
Population
200
Speed
Normal
Resources
Standard
Victory
Conquest
Starting age
Dark Age
Ending age
Imperial Age
RankedLock teamsTeams togetherTeam positionsShared explorationLock speedFull tech treeHidden civsTurbo modeCheats
Victory
Defeat
🇺🇸 Teutons · United States
1303
+17
🇨🇳 Danes · China
1322
-17
smittens
6:05 Loom
9:18 Feudal Age
10:04 Double-Bit Axe
15:46 Fletching
16:23 Horse Collar
24:03 Castle Age
22:49 Scale Barding Armor
22:39 Gold Mining
24:28 Forging
25:02 Bodkin Arrow
24:43 Crossbowman
Kaiser Ze
9:06 Loom
10:51 Feudal Age
11:20 Man-at-Arms
11:48 Arson
21:23 Castle Age
21:45 Fletching
Connection lost

Rejoining the realm…

Still unreachable

The connection could not be restored.

Session expired

The server has moved on; the page needs a fresh start.